 Dungeon Crawl Stone Soup version 0.20-a0-201-g851c6fa (webtiles) character file.

4540 kuniqs the Destroyer (level 10, -3/94 HPs)
             Began as a Demonspawn Fire Elementalist on Nov 24, 2016.
             Was a Follower of Makhleb.
             Shot with a sling bullet by Joseph (5 damage)
             ... on level 8 of the Dungeon.
             The game lasted 00:36:41 (11070 turns).

kuniqs the Destroyer (DsFE)                        Turns: 11070, Time: 00:36:41

Health: -3/94      AC:  3    Str: 14    XL:     10   Next: 17%
Magic:  0/21       EV: 16    Int: 23    God:    Makhleb [*.....]
Gold:   402        SH:  3    Dex: 13    Spells: 1/24 levels left

rFire  + + .     SeeInvis .     L - +7 dagger of Invincibility {distort, +Fly rPois}
rCold  . . .     Gourm    .     a - +0 robe
rNeg   . . .     Faith    .     B - +0 buckler
rPois  +         Spirit   .     (no helmet)
rElec  .         Reflect  .     (no cloak)
rCorr  .         Harm     .     (no gloves)
MR     .....                    k - +0 pair of boots
Stlth  ..........               (no amulet)
                                E - +3 ring of intelligence
                                q - ring of protection from fire

@: mighty, berserking, very quick
A: repulsion field 2, fire resistance 1, powered by pain 1, flame cloud immunity
a: Renounce Religion, Evoke Flight


You were on level 8 of the Dungeon.
You worshipped Makhleb.
Makhleb was aware of your devotion.
You were not hungry.

You visited 2 branches of the dungeon, and saw 9 of its levels.

You collected 402 gold pieces.

Inventory:

Hand Weapons
 L - the +7 dagger of Invincibility (weapon) {distort, +Fly rPois}
   (You found it on level 7 of the Dungeon)

   It warps and distorts space around it.
   Unwielding it can cause banishment or high damage.
   It protects you from poison.
   It lets you fly.
Missiles
 c - 6 tomahawks of dispersal (quivered)
 l - a throwing net
Armour
 a - a +0 robe (worn)
 k - a +0 pair of boots (worn)
 B - a +0 buckler (worn)
Jewellery
 q - a ring of protection from fire (left hand)
 E - a +3 ring of intelligence (right hand)
 G - an uncursed ring of resist corrosion
 H - an uncursed ring of ice
Wands
 r - a wand of acid (0/15)
Scrolls
 h - 3 scrolls of teleportation {unknown}
 j - 5 scrolls of remove curse {@r2}
 o - 2 scrolls of magic mapping
 s - a scroll of immolation
 t - a scroll of blinking {unknown}
 w - a scroll of amnesia {unknown}
 F - a scroll of recharging {unknown}
 J - a scroll of noise {unknown}
Potions
 p - a potion of brilliance
 x - 2 potions of might
 z - a potion of beneficial mutation {unknown}
 A - 2 potions of curing {@q1}
 I - a potion of mutation {unknown}
 K - a potion of degeneration {unknown}
Books
 b - a book of Flames

   Spells                             Type                      Level
   a - Flame Tongue                   Conjuration/Fire             1
   b - Throw Flame                    Conjuration/Fire             2
   c - Conjure Flame                  Conjuration/Fire             3
   d - Inner Flame                    Hexes/Fire                   3
   e - Sticky Flame                   Conjuration/Fire             4
   f - Fireball                       Conjuration/Fire             5
 y - a book of Conjurations

   Spells                             Type                      Level
   a - Magic Dart                     Conjuration                  1
   b - Searing Ray                    Conjuration                  2
   c - Dazzling Spray                 Conjuration/Hexes            3
   d - Fulminant Prism                Conjuration/Hexes            4
   e - Iskenderun's Mystic Blast      Conjuration                  4
   f - Iskenderun's Battlesphere      Conjuration/Charms           5
Comestibles
 d - 4 bread rations
 e - 5 meat rations
 f - 9 fruits
 i - 4 beef jerkies
 n - a slice of pizza
 u - 3 chunks of flesh


   Skills:
 + Level 4.4 Dodging
 - Level 1.7 Stealth
 + Level 0.5 Shields
 + Level 7.7 Spellcasting
 + Level 8.3 Conjurations
 + Level 8.0 Fire Magic
 + Level 1.0 Invocations


You had one spell level left.
You knew the following spells:

 Your Spells              Type           Power        Failure   Level  Hunger
a - Flame Tongue          Conj/Fire      #####        1%          1    None
b - Throw Flame           Conj/Fire      #####.       1%          2    None
c - Conjure Flame         Conj/Fire      #####...     1%          3    None
d - Searing Ray           Conj           #####.       1%          2    None
e - Dazzling Spray        Conj/Hex       ####..       8%          3    None
f - Sticky Flame          Conj/Fire      #####...     4%          4    ###....
g - Inner Flame           Hex/Fire       ####....     10%         3    None
h - Fireball              Conj/Fire      #####.....   12%         5    #####..


Dungeon Overview and Level Annotations

Branches:
Dungeon (8/15)             Temple (1/1) D:6
   Lair: D:8-11

Altars:
Ashenzari
Dithmenos
Gozag
Hepliaklqana
Kikubaaqudgha
Makhleb
Nemelex Xobeh
Qazlal
Ru
Sif Muna
Uskayaw
Xom
Yredelemnul
Zin
The Shining One

Shops:
D:7 [

Annotations:
D:8 Joseph


Innate Abilities, Weirdness & Mutations

You are surrounded by a moderate repulsion field. (EV +3)
Your flesh is heat resistant. (rF+)
You sometimes gain a little power by taking damage.
You are immune to clouds of flame.


Message History

The sling bullet freezes you!
* * * LOW HITPOINT WARNING * * *
You feel much better.
Joseph shoots a sling bullet.
The sling bullet barely misses you.
Aim: Joseph, wielding a hunting sling of freezing, wearing a runed leather armour and carrying a wand of digging (?/24) {zapped: 2} (almost dead)
The flame tongue misses Joseph.
Joseph shoots a sling bullet.
The sling bullet hits you!
* * * LOW HITPOINT WARNING * * *
The sling bullet freezes you.
* * * LOW HITPOINT WARNING * * *
Okay, then.
A red film seems to cover your vision as you go berserk!
You feel yourself moving faster!
You feel mighty!
Joseph shoots a sling bullet.
The sling bullet misses you.
You feel a strong urge to attack something.
You see here a sling bullet.
Joseph shoots a sling bullet.
The sling bullet hits you!
* * * LOW HITPOINT WARNING * * *
The sling bullet freezes you.
You die...

## ##......## ..
##........## ## ##.
#..........# .####..
#..........# ....#.#
#..........# .##.#.#
#..........#
.##...#####...).(....#
.##......#@.........##
)#............((@...##
.(....#####(..(..(...#
..##.## #..........#
#.##.# #..........#
#.##.# #..........#
#....# #..........#
..#### ##........##
...# ##......## #.##
########


You could see Joseph.

Vanquished Creatures
  A komodo dragon (D:6)
  The ghost of KristoblXynda the Cutter, a novice KoGl (D:4)
  Grinder (D:5)
  Eustachio (D:4)
  Menkaure (D:4)
  Edmund (D:3)
  5 orc warriors
  2 ice beasts
  A sky beast (D:6)
  3 phantoms
  4 centaurs
  6 ogres
  Blork the orc (D:6)
  5 scorpions
  A wyvern skeleton (D:6)
  2 howler monkeys
  A bullfrog zombie (D:6)
  7 hounds
  A jelly (D:5)
  4 orc priests
  2 bullfrog skeletons
  An iguana (D:5)
  11 orc wizards
  6 worker ants
  A killer bee zombie (D:6)
  A hound skeleton (D:6)
  6 adders
  4 gnolls (D:3)
  An ooze (D:1)
  An adder zombie (D:6)
  3 worms
  5 dart slugs
  5 leopard geckos
  36 orcs
  2 bat zombies (D:3)
  5 giant cockroaches
  12 goblins
  11 hobgoblins
  11 jackals
  2 quokkas
  4 ball pythons
  7 bats
  4 frilled lizards
  6 kobolds
  A leopard gecko skeleton (D:4)
  A quokka skeleton (D:6)
  5 rats
  A rat zombie (D:3)
204 creatures vanquished.

Notes
Turn   | Place    | Note
-------+----------+-------------------------------------------
     0 | D:1      | kuniqs the Demonspawn Fire Elementalist began the quest for the Orb.
     0 | D:1      | Reached XP level 1. HP: 13/13 MP: 3/3
   250 | D:1      | Gained mutation: Your flesh is heat resistant. (rF+) [demonic ancestry]
   250 | D:1      | Reached XP level 2. HP: 19/19 MP: 3/5
   254 | D:1      | Learned a level 2 spell: Throw Flame
   645 | D:1      | Reached XP level 3. HP: 23/24 MP: 0/6
   718 | D:1      | Learned a level 3 spell: Conjure Flame
  1418 | D:2      | Gained mutation: You sometimes gain a little power by taking damage. [demonic ancestry]
  1418 | D:2      | Reached XP level 4. HP: 20/30 MP: 0/8
  1818 | D:3      | Noticed an ice beast
  2128 | D:2      | Noticed an earth elemental
  2130 | D:2      | Found a stormy altar of Qazlal.
  2131 | D:2      | Noticed an air elemental
  2131 | D:2      | Noticed a fire elemental
  2131 | D:2      | Noticed a water elemental
  2605 | D:3      | Gained mutation: You are immune to clouds of flame. [demonic ancestry]
  2605 | D:3      | Reached XP level 5. HP: 34/35 MP: 1/9
  3283 | D:4      | Gained mutation: You are surrounded by a mild repulsion field. (EV +2) [demonic ancestry]
  3283 | D:4      | Reached XP level 6. HP: 32/41 MP: 8/11
  3743 | D:3      | Learned a level 2 spell: Searing Ray
  3747 | D:3      | Learned a level 3 spell: Dazzling Spray
  3859 | D:3      | Found an ancient bone altar of Kikubaaqudgha.
  3997 | D:3      | Killed an ice beast
  4121 | D:4      | Noticed KristoblXynda's ghost (novice KoGl)
  4405 | D:4      | Killed KristoblXynda's ghost
  4405 | D:4      | Reached skill level 5 in Fire Magic
  4405 | D:4      | Gained mutation: You are surrounded by a moderate repulsion field. (EV +3) [demonic ancestry]
  4405 | D:4      | Reached XP level 7. HP: 17/46 MP: 1/14
  4920 | D:4      | Reached skill level 5 in Spellcasting
  4920 | D:4      | Reached skill level 5 in Conjurations
  4997 | D:4      | Noticed Edmund
  5211 | D:3      | Killed Edmund
  5211 | D:3      | Reached XP level 8. HP: 43/52 MP: 0/15
  5369 | D:4      | Learned a level 4 spell: Sticky Flame
  5402 | D:4      | Noticed Eustachio
  5465 | D:4      | Killed Eustachio
  5493 | D:4      | Noticed Menkaure
  5553 | D:4      | Killed Menkaure
  5577 | D:4      | Found a shimmering altar of Xom.
  5628 | D:5      | Entered Level 5 of the Dungeon
  5645 | D:5      | Found a shattered altar of Ashenzari.
  5894 | D:4      | You fall through a shaft for 2 floors!
  6312 | D:6      | Noticed Blork the orc
  6323 | D:6      | Killed Blork the orc
  6955 | D:6      | Reached XP level 9. HP: 57/57 MP: 6/18
  6982 | D:6      | Found a staircase to the Ecumenical Temple.
  6991 | Temple   | Entered the Ecumenical Temple
  7062 | Temple   | Became a worshipper of Makhleb the Destroyer
  7579 | D:5      | Noticed Grinder
  7579 | D:5      | Paralysed by Grinder for 2 turns
  7615 | D:5      | Killed Grinder
  7623 | D:5      | Learned a level 3 spell: Inner Flame
  7720 | D:5      | Found a deep blue altar of Sif Muna.
  7968 | D:5      | Found an opulent altar of Gozag.
  8334 | D:5      | Found a hide-covered altar of Uskayaw.
  8451 | D:5      | Found a hazy altar of Hepliaklqana.
  8458 | D:5      | Found a shadowy altar of Dithmenos.
  9088 | D:6      | Noticed a komodo dragon
  9103 | D:6      | Killed a komodo dragon
  9271 | D:6      | Found a sacrificial altar of Ru.
  9444 | D:6      | Reached * piety under Makhleb
  9871 | D:7      | Found a glowing golden altar of the Shining One.
 10286 | D:7      | Reached XP level 10. HP: 63/63 MP: 14/21
 10392 | D:8      | Noticed Joseph
 10664 | D:7      | Got a jewelled dagger
 10665 | D:7      | Identified the +7 dagger of Invincibility {distort, +Fly rPois} (You found it on level 7 of the Dungeon)
 10666 | D:7      | LOL NO
 10735 | D:7      | Found Hauloeji's Antique Armour Shoppe.
 10749 | D:7      | Learned a level 5 spell: Fireball
 10866 | D:8      | Reached skill level 1 in Invocations
 11065 | D:8      | HP: 1/63 [Joseph/sling bullet (9)]
 11070 | D:8      | HP: 2/94 [Joseph/sling bullet (17)]
 11070 | D:8      | Shot with a sling bullet by Joseph

Vault maps used:
D:1:      dpeg_arrival_simpleton_c, minmay_pentomino_q2
D:2:      nicolae_qazlal_style_of_elements
D:3:      minmay_wonky_spiral, lemuel_zombie_altar_kikubaaqudgha,
          bh_walls_and_bars
D:4:      lemuel_crystal_altar, uniq_menkaure, uniq_eustachio, uniq_edmund
D:5:      nicolae_gozag_cash_rules_everything_around_me, marbit_many_paths,
          eat_drink_and_be_merry_uskayaw,
          nicolae_dithmenos_through_a_glass_darkly, cheibrodos_ashenzari_chains,
          overflow_temple_1_default, first_bread, dk_rats_in_the_wall,
          uniq_grinder
D:6:      nicolae_ru_great_annihilating_truth, uniq_blork_the_orc
D:7:      old_standard_altar, serial_shops, kennysheep_mini_moat
D:8:      kennysheep_little_box, lair_entry_dummy, uniq_joseph
Temple:   nicolae_temple_figure_zero

Skill      XL: |  1  2  3  4  5  6  7  8  9 10 |
---------------+-------------------------------+-----
Fire Magic     | 3 4 5 6 7 8 |  8.0
Conjurations   | 2 3 4 5 6 8 |  8.3
Spellcasting   | 3 4 5 6 7 |  7.7
Dodging        | 4 |  4.4
Invocations    | 1 |  1.0
Stealth        | |  1.7
Shields        | |  0.5

Action                   |  1- 3 |  4- 6 |  7- 9 | 10-12 || total
-------------------------+-------+-------+-------+-------++-------
Melee: Unarmed           |     4 |       |       |       ||     4
       Short sword       |    10 |     9 |       |       ||    19
       Morningstar       |       |    40 |    17 |       ||    57
       Dire flail        |       |       |   118 |    10 ||   128
       Dagger            |       |       |       |     2 ||     2
 Cast: Flame Tongue      |    62 |   124 |   169 |    58 ||   413
       Conjure Flame     |       |     5 |    23 |     2 ||    30
       Searing Ray       |       |       |    15 |       ||    15
       Dazzling Spray    |       |       |     7 |     4 ||    11
       Sticky Flame      |       |       |     3 |       ||     3
       Inner Flame       |       |       |     2 |     4 ||     6
       Throw Flame       |       |       |       |     2 ||     2
Evoke: Wand              |       |       |       |     2 ||     2
  Use: Scroll            |       |     8 |     3 |       ||    11
       Potion            |       |     2 |       |     3 ||     5
 Stab: Sleeping          |     1 |     1 |     4 |       ||     6
       Distracted        |       |     1 |       |       ||     1
       Paralysed         |       |       |     1 |       ||     1
  Eat: Chunk             |     2 |     8 |    17 |     3 ||    30
       Royal jelly       |       |     1 |     1 |       ||     2
Armor: Robe              |    15 |    29 |    13 |     1 ||    58
       Leather armour    |       |       |    25 |       ||    25
Dodge: Dodged            |    22 |    80 |   155 |    20 ||   277
Block: Buckler           |       |       |       |     4 ||     4
